 Dungeon Crawl Stone Soup version 0.29-a0-323-g050149af67 (webtiles) character file.

Game seed: 5521187670025621739

74 Jortsu the Ducker (level 4, 44/44 HPs)
             Began as a Troll Fighter on Apr 12, 2022.
             Was a Follower of Vehumet.
             Quit the game on level 2 of the Dungeon.
             The game lasted 00:01:55 (1065 turns).

Jortsu the Ducker (Troll Fighter)                   Turns: 1065, Time: 00:01:56

Health: 44/44      AC:  4    Str: 24    XL:     4   Next: 9%
Magic:  3/3        EV:  9    Int:  4    God:    Vehumet [*.....]
Gold:   132        SH:  7    Dex: 11    Spells: 3/3 levels left

rFire   . . .      SeeInvis .     - Unarmed
rCold   . . .      Faith    .   b - +0 kite shield
rNeg    . . .      Spirit   .   a - +0 robe
rPois   .          Reflect  .   (helmet restricted)
rElec   .          Harm     .   (no cloak)
rCorr   .          Rampage  .   (gloves unavailable)
Will    .....                   (boots unavailable)
Stlth   +.........              (no amulet)
HPRegen 0.94/turn               (no ring)
MPRegen 0.08/turn               (no ring)

@: no status effects
A: large, unfitting armour, claws 3, regeneration 1, shaggy fur 1, tough skin 1
a: Renounce Religion


You were on level 2 of the Dungeon.
You worshipped Vehumet.
Vehumet was aware of your devotion.
You visited 1 branch of the dungeon, and saw 2 of its levels.

You collected 132 gold pieces.

Inventory:

Armour
 a - a +0 robe (worn)
 b - a +0 kite shield (worn)
Wands
 h - a wand of mindburst (10)
Scrolls
 g - a scroll of blinking {unknown}
 i - a scroll of identify
Potions
 c - a potion of might
 d - 2 potions of flight {unknown}
 e - a potion of invisibility
 f - a potion of berserk rage


   Skills:
 + Level 2.8 Fighting
 + Level 3.0 Dodging
 + Level 0.1 Stealth
 + Level 2.9 Shields
 + Level 2.6 Unarmed Combat


You had 3 spell levels left.
You didn't know any spells.
Your spell library contained the following spells:

 Spells                   Type           Power      Damage    Failure   Level
 Freeze                   Ice            0%         1d3       80%         1
 Sandblast                Erth           0%         2d4       80%         1
 Passwall                 Tmut/Erth      0%         N/A       91%         2
 Stone Arrow              Conj/Erth      0%         3d7       99%         3


Dungeon Overview and Level Annotations

Branches:
Dungeon (2/15)

Altars:
Vehumet


Innate Abilities, Weirdness & Mutations

You are too large for most types of armour.
You have claws for hands.
Your natural rate of healing is unusually fast.
You are covered in fur. (AC +1)
You have tough skin. (AC +1)


Message History

You barely miss the hobgoblin.
The hobgoblin is heavily wounded.
You block the hobgoblin's attack. The hobgoblin hits you.
You claw the hobgoblin!
You kill the hobgoblin!
You now have 132 gold pieces (gained 16).
A rat comes into view.
You barely miss the rat. You block the rat's attack.
You claw the rat!
You kill the rat!
You see here a rat corpse.
You open the door.
Found a gnoll skeleton.
Found a gnoll skeleton.
There is an open door here.
A giant cockroach comes into view.
A giant cockroach is nearby!
You block the giant cockroach's attack.
You scratch the giant cockroach.
The giant cockroach is almost dead.
The giant cockroach bites you.
You claw the giant cockroach!
You kill the giant cockroach!
You see here a +0 leather armour.
You open the door.
Found a stone staircase leading down.
There is an open door here.
There is a stone staircase leading down here.
Found a spear.
There is an open door here.
As you open the door, it creaks loudly!
Found a faded altar of an unknown god.
There is an open door here.
There is a faded altar of an unknown god here.
You cannot tell which god this altar belongs to.
Convert to them anyway?
Vehumet accepts your prayer! Vehumet welcomes you!
You can now gain magical power from killing.
Vehumet offers you knowledge of Freeze.
Are you sure you want to abandon this character and quit the game? (Confirm with "yes".)

#...[......................
#........<#.###############
#......##.#.# ######
#.....###.#.#### #.....
#.....###......# #.....
#.....##.......# #.....
##.####..♣♣♣...# #.....
#..##..♣♣_♣♣..#######.....
##.#..♣♣P@♣♣♣..#..........
#...♣♣PP.♣P♣♣...#########
#..♣♣♣.P.PPP♣♣..# #.
#..♣PPPP.PPP♣♣..# #[
#..♣P###'###P♣..# #.
#..♣♣#.....#♣♣..# #.
#..♣÷#..8..#÷♣.†# #.
#..♣♣#.....#♣♣..# #.
#....##♣'♣##....# #.


There were no monsters in sight!

Vanquished Creatures
  Jessica (D:2)
  2 adders (D:2)
  2 endoplasms
  A giant cockroach (D:2)
  4 goblins
  3 hobgoblins (D:2)
  3 quokkas (D:1)
  A ball python (D:2)
  4 bats
  3 frilled lizards (D:1)
  2 kobolds (D:1)
  6 rats
32 creatures vanquished.

Notes
Turn   | Place    | Note
-------+----------+-------------------------------------------
     0 | D:1      | Jortsu the Troll Fighter began the quest for the Orb.
     0 | D:1      | Reached XP level 1. HP: 22/22 MP: 0/0
   184 | D:1      | Reached XP level 2. HP: 29/29 MP: 1/1
   714 | D:2      | Noticed Jessica
   721 | D:2      | Reached XP level 3. HP: 33/34 MP: 2/2
   729 | D:2      | Killed Jessica
   766 | D:2      | Reached skill level 3 in Dodging
   821 | D:2      | Reached XP level 4. HP: 44/44 MP: 3/3
  1056 | D:2      | Found a faded altar of an unknown god.
  1063 | D:2      | Prayed at the altar of an unknown god.
  1063 | D:2      | Became a worshipper of Vehumet
  1063 | D:2      | Reached * piety under Vehumet
  1063 | D:2      | Offered knowledge of Freeze by Vehumet.
  1065 | D:2      | Quit the game

Illustrated notes

Levels and vault maps discovered:
D:1:      eino_arrival_druids_welcome, layout_loops_cross
D:2:      layout_basic, dilly_ecumenical_altar_fadedgnrine, uniq_jessica

Skill      XL: |  1  2  3 |
---------------+----------+-----
Dodging        | 3 |  3.0
Fighting       | |  2.8
Stealth        | |  0.1
Shields        | |  2.9
Unarmed Combat | |  2.6

Action                   |  1- 3 |  4- 6 || total
-------------------------+-------+-------++-------
Melee: Unarmed           |    68 |    13 ||    81
  Use: Scroll            |     3 |       ||     3
 Stab: Sleeping          |     1 |       ||     1
Armor: Robe              |    13 |     1 ||    14
Dodge: Dodged            |    37 |     2 ||    39
Block: Kite shield       |    29 |     8 ||    37

Table legend: (Time is in decaauts)
 A = Elapsed time spent in this place.
 B = Non-inter-level travel time spent in this place.
 C = Inter-level travel time spent in this place.
 D = Time resting spent in this place.
 E = Time spent auto-exploring this place.
 F = Levels seen in this place.
 G = Mean time per level.
                   A        B        C        D        E       F      G
               +--------+--------+--------+--------+--------+-----+--------+
         Total |   1071 |    980 |     91 |      0 |    695 |   2 |  535.5 |
       Dungeon |   1071 |    980 |     91 |      0 |    695 |   2 |  535.5 |
               +--------+--------+--------+--------+--------+-----+--------+

Top non-repeatable levels by time:
     D:1: 649 daAuts
     D:2: 422 daAuts
